 Dungeon Crawl Stone Soup version 0.17.0-24-gcfadda4 (webtiles) character file.

57 M4edhros the Charlatan (level 4, 0/28 HPs)
             Began as an Octopode Artificer on Nov 16, 2015.
             Slain by a hobgoblin (3 damage)
             ... on level 2 of the Dungeon.
             The game lasted 00:01:24 (1693 turns).

M4edhros the Charlatan (Octopode Artificer)         Turns: 1693, Time: 00:01:25

Health: 0/28       AC:  1    Str: 10      XL:     4   Next: 0%
Magic:  7/7        EV: 12    Int: 14      God:
Gold:   85         SH:  0    Dex:  9 (13) Spells: 0 memorised, 3 levels left

rFire  . . .     SeeInvis .     h - +0 dagger (venom)
rCold  . . .     Clarity  .     (no shield)
rNeg   . . .     SustAt   .     (helmet restricted)
rPois  .         Gourm    .     (no amulet)
rElec  .         Spirit   .     (no ring)
rCorr  .         Warding  .     (no ring)
rMut   .         Stasis   .     (no ring)
MR     .....                    (no ring)
Stlth  +++.......               (no ring)
                                (no ring)
                                (no ring)
                                (no ring)

@: not resistant to hostile enchantments, fairly stealthy
A: almost no armour, amphibious, 8 rings, constrict 8, camouflage 1, gelatinous
body 1
a: no special abilities


You were on level 2 of the Dungeon.
You were very hungry.

You visited 1 branch of the dungeon, and saw 2 of its levels.

You collected 85 gold pieces.

Inventory:

Hand Weapons
 h - a +0 dagger of venom (weapon)
Missiles
 g - 19 sling bullets
Wands
 b - a wand of flame (14)
 c - a wand of enslavement (15)
 d - a wand of random effects (15)
Scrolls
 i - 2 scrolls of remove curse {unknown}
 j - a scroll of amnesia {unknown}
 k - a scroll of fog {unknown}
Comestibles
 e - 2 bread rations
 f - 2 meat rations


   Skills:
 - Level 1.0 Fighting
 - Level 1.0 Short Blades
 - Level 2.0 Dodging
 + Level 3.8 Stealth
 + Level 4.3 Evocations


You had 3 spell levels left.
You didn't know any spells.

Dungeon Overview and Level Annotations

Branches:
Dungeon (2/15)

Altars:


Innate Abilities, Weirdness & Mutations

You cannot wear most types of armour.
You are amphibious.
You can wear up to eight rings at the same time.
You can use your tentacles to constrict eight enemies at once.
Your skin changes colour to match your surroundings (Stealth).
Your rubbery body absorbs attacks (AC +1).


Message History

You have reached level 4!
The goblin unwields an uncursed club.
The goblin wields a hunting sling.
The goblin shoots a stone.
The stone closely misses you.
You hit the hobgoblin but do no damage. Your grab misses the hobgoblin.
The hobgoblin hits you.
The goblin shoots a stone.
The stone hits you.
* * * LOW HITPOINT WARNING * * *
You are too injured to fight recklessly!
You are too injured to fight recklessly!
You are too injured to fight recklessly!
You closely miss the hobgoblin. You grab the hobgoblin.
You constrict the hobgoblin, but do no damage.
The hobgoblin hits you.
* * * LOW HITPOINT WARNING * * *
The goblin shoots a stone.
The stone closely misses you.
Drink which item? (? for menu, Esc to quit)
It was a potion of degeneration.
There was something very wrong with that liquid.
You feel clumsy.
You constrict the hobgoblin. The hobgoblin hits you.
You die...

##...............†..††..
#......###...####.##†..
#...#........####.##### #
#..##.............# # #.
#..###.....##.##..# # #.#
#.## #.........##.# #
#..##..###..#####..#..#####
#.....##..<# ##........#
#....##.@## ##...#....#
##....gg#######....[##...
#...)..###.......†#..# #.
#.#.....>..####..)##.# #.
................# ##.###.#
#. .........######.# ###
#.#### .......#.# # #..###
.......#.# ##....
.......#.# ######.


You could see a hobgoblin and a goblin.

Vanquished Creatures
  An adder (D:2)
  2 giant geckos
  2 ball pythons (D:2)
  5 bats
  3 hobgoblins
  10 jackals
  6 kobolds
  2 giant newts
  7 goblins
  5 rats
43 creatures vanquished.

Notes
Turn   | Place    | Note
--------------------------------------------------------------
     0 | D:1      | M4edhros the Octopode Artificer began the quest for the Orb.
     0 | D:1      | Reached XP level 1. HP: 13/13 MP: 3/3
   476 | D:1      | Reached XP level 2. HP: 15/18 MP: 4/4
   956 | D:1      | Reached skill level 4 in Evocations
   967 | D:1      | Reached XP level 3. HP: 14/23 MP: 4/6
  1689 | D:2      | Reached XP level 4. HP: 13/28 MP: 7/7
  1693 | D:2      | Slain by a hobgoblin

Action                   |  1- 3 |  4- 6 || total
-------------------------+-------+-------++-------
Melee: Short sword       |    16 |       ||    16
       Dagger            |    64 |     2 ||    66
Evoke: Wand              |     1 |       ||     1
  Use: Potion            |       |     1 ||     1
 Stab: Sleeping          |    12 |       ||    12
       Distracted        |     1 |       ||     1
  Eat: Chunk             |     1 |       ||     1
